Map: Oxide LE

Players

sOs

  • Race: Protoss Protoss
  • Spawn Location: 7:00

Nice - Winner!

  • Race: Protoss Protoss
  • Spawn Location: 1:00

Event: IEM Katowice 2021

VOD

Have the link to the VOD?

Description

Time

  • Played on: Feb. 20, 2021, 10:13 a.m.
  • Length: 4:13

All games in this series

Show
View Real Time Build Order
Export as new Build Order

sOs Protoss 

Build Orders: Nexus First 

Get SALT Encoding   

  12  0:00  Probe  
  13  0:12  Probe  
  14  0:18  Pylon  
  14  0:24  Probe  
  15  0:36  Probe  
  16  0:56  Nexus  
  17  1:09  Gateway  
  17  1:11  Probe (Chrono Boost)  
  17  1:22  Assimilator  
  17  1:23  Probe (Chrono Boost)  
  18  1:28  Probe (Chrono Boost)  
  18  1:30  Assimilator  
  19  1:37  Probe  
  20  1:49  Probe  
  21  1:57  Cybernetics Core  
  21  2:05  Probe (Chrono Boost)  
  21  2:08  Probe (Chrono Boost)  
  24  2:18  Probe x2 (Chrono Boost)  
  25  2:23  Zealot (Chrono Boost)  
  25  2:24  Probe  
  25  2:26  Probe  
  29  2:35  Stargate  
  29  2:40  Stalker (Chrono Boost)  
  31  2:50  Shield Battery  
  31  2:54  Pylon  
  30  3:00  Shield Battery  
  30  3:02  Stalker  
  30  3:09  Shield Battery  
  28  3:20  Void Ray (Chrono Boost)  
  32  3:34  Shield Battery  
  32  3:38  Probe x2  
  32  3:43  Shield Battery  
  36  4:04  Shield Battery  
Show
View Real Time Build Order
Export as new Build Order

Nice Protoss - Winner!

Build Orders: Proxy Void Ray 

Get SALT Encoding   

  12  0:00  Probe  
  13  0:12  Probe  
  14  0:18  Pylon  
  14  0:24  Probe  
  15  0:36  Probe (Chrono Boost)  
  15  0:38  Gateway  
  16  0:47  Assimilator, Probe (Chrono Boost)  
  17  0:52  Probe (Chrono Boost)  
  18  0:57  Assimilator  
  18  1:03  Probe (Chrono Boost)  
  19  1:13  Probe (Chrono Boost)  
  19  1:18  Probe (Chrono Boost)  
  20  1:24  Cybernetics Core  
  23  1:25  Zealot  
  23  1:33  Pylon  
  23  1:51  Probe  
  24  2:00  Adept (Chrono Boost)  
  24  2:01  Stargate  
  24  2:03  Probe  
  24  2:06  Warp Gate  
  27  2:10  Shield Battery  
  27  2:15  Probe  
  28  2:22  Pylon  
  28  2:39  Shield Battery  
  28  2:40  Void Ray (Chrono Boost)  
  32  2:52  Adept  
  32  2:58  Shield Battery  
  34  3:10  Gateway  
  34  3:14  Void Ray (Chrono Boost)  
  36  3:44  Shield Battery  
  36  3:45  Shield Battery  
  36  3:47  Pylon  
  36  4:05  Stalker x2  

Tags
 
Matchup
PvP
Player
NicesOs
Spawn Locations
Cross Positions
Add a new tag
Caveats
  • Supply blocks, unpowered buildings, or Contaminate may cause inaccurate times.
  • Supply counts are checked every 10 seconds.